 Dungeon Crawl Stone Soup version 0.30.1-4-g462c640d31 (webtiles) character file.

Game seed: 14263853571846779358

1386 Bobit the Protected (level 8, -1/65 (67) HPs)
             Began as a Gnoll Wanderer on Aug 19, 2023.
             Was a Follower of Okawaru.
             Slain by a basilisk (9 damage)
             ... created by the adversity of Qazlal
             ... on level 5 of the Dungeon.
             The game lasted 00:10:36 (5243 turns).

Bobit the Protected (Gnoll Wanderer)                Turns: 5243, Time: 00:10:40

HP:   -1/65 (67)    AC: 14    Str: 14    XL:     8   Next: 67%
MP:   13/13         EV: 11    Int:  8    God:    Okawaru [*.....]
Gold: 279           SH:  0    Dex: 15    Spells: 13/14 levels left

rFire   . . .        F - +1 whip (elec)
rCold   . . .        (no shield)
rNeg    . . .        b - +2 scale mail
rPois   .            v - +0 helmet
rElec   .            x - +0 cloak
rCorr   .            q - +0 pair of gloves
SInv    .            (no boots)
Will    ++...        m - amulet of magic regeneration
Stlth   +            i - ring of willpower
HPRegen 0.30/turn    k - ring of willpower
MPRegen 0.53/turn

%: no passive effects
@: lightly drained
A: fangs 1, strong nose, distributed training
a: Renounce Religion, Heroism


You were on level 5 of the Dungeon.
You worshipped Okawaru.
Okawaru was aware of your devotion.
You visited 2 branches of the dungeon, and saw 6 of its levels.

You collected 279 gold pieces.

Inventory:

Hand Weapons
 a - a +0 falchion
 C - a +4 quarterstaff of chaos
 F - a +1 whip of electrocution (weapon)
Armour
 b - a +2 scale mail (worn)
 q - a +0 pair of gloves (worn)
 u - a +2 leather armour of poison resistance
 v - a +0 helmet (worn)
 x - a +0 cloak (worn)
Magical Staves
 p - a staff of fire
 E - a staff of cold
Jewellery
 i - a ring of willpower (left hand)
 k - a ring of willpower (right hand)
 m - an amulet of magic regeneration (around neck)
 w - a ring of ice
Wands
 I - a wand of flame (1)
Scrolls
 d - 3 scrolls of butterflies
 g - 2 scrolls of brand weapon {unknown}
 h - a scroll of amnesia {unknown}
 j - 5 scrolls of identify {unknown}
 l - 4 scrolls of enchant armour {unknown}
 o - 2 scrolls of teleportation {unknown}
 t - a scroll of noise {unknown}
 y - a scroll of enchant weapon {unknown}
 D - a scroll of vulnerability {unknown}
 G - 2 scrolls of acquirement {unknown}
Potions
 c - 6 potions of curing
 e - a potion of lignification {unknown}
 f - 2 potions of haste {unknown}
 n - a potion of mutation {unknown}
 r - 2 potions of might {unknown}
 s - a potion of berserk rage {unknown}
 z - a potion of flight {unknown}
 A - 2 potions of ambrosia {unknown}
 B - a potion of heal wounds {unknown}
 H - a potion of attraction {unknown}


   Skills:
 + Level 7.5 Fighting
 + Level 3.6 Short Blades
 + Level 4.5 Long Blades
 + Level 3.6 Axes
 + Level 3.6 Maces & Flails
 + Level 3.6 Polearms
 + Level 3.6 Staves
 + Level 3.6 Ranged Weapons
 + Level 3.6 Throwing
 + Level 9.3 Armour
 + Level 4.5 Dodging
 + Level 3.6 Stealth
 + Level 3.6 Shields
 + Level 3.6 Unarmed Combat
 + Level 3.6 Spellcasting
 + Level 3.0 Conjurations
 + Level 3.0 Hexes
 + Level 3.0 Summonings
 + Level 3.0 Necromancy
 + Level 3.0 Translocations
 + Level 3.0 Transmutations
 + Level 3.0 Fire Magic
 + Level 3.0 Ice Magic
 + Level 3.0 Air Magic
 + Level 3.0 Earth Magic
 + Level 3.0 Poison Magic
 + Level 4.0 Invocations
 + Level 4.5 Evocations


You had 13 spell levels left.
You knew the following spells:

 Your Spells              Type           Power      Damage    Failure   Level
a - Slow                  Hex            24%        N/A       30%         1

Your spell library contained the following spells:

 Spells                   Type           Power      Damage    Failure   Level
 Confusing Touch          Hex            6%         N/A       65%         3
 Vampiric Draining        Necr           6%         2d6       65%         3


Dungeon Overview and Level Annotations

Branches:
Dungeon (5/15)             Temple (1/1) D:4

Altars:
Ashenzari
Elyvilon
Fedhas
Gozag
Hepliaklqana
Kikubaaqudgha
Makhleb
Nemelex Xobeh
Okawaru
Ru
Sif Muna
Uskayaw
The Shining One

Shops:
D:1 [


Innate Abilities, Weirdness & Mutations

You have very sharp teeth.
Your uncanny sense of smell can sniff out nearby items.
Your experience applies equally to all skills.


Message History

You hit the basilisk.
You kill the basilisk!
That felt strangely unrewarding.
The basilisk gazes at you. You resist with almost no effort.
The basilisk bites you!
You hit the basilisk. Your bite misses the basilisk.
The basilisk is lightly wounded.
The basilisk bites you but does no damage.
You barely miss the basilisk. You punch the basilisk.
The basilisk is lightly wounded.
The basilisk bites you!
You hit the basilisk but do no damage.
You bite the basilisk, but do no damage.
The basilisk is lightly wounded.
The basilisk closely misses you.
You hit the basilisk.
The basilisk is moderately wounded.
The basilisk gazes at you. You resist with almost no effort.
You hit the basilisk.
The basilisk is moderately wounded.
You completely miss the basilisk.
The basilisk is moderately wounded.
The basilisk bites you!
* * * LOW HITPOINT WARNING * * *
You hit the basilisk.
The basilisk is heavily wounded.
The basilisk bites you.
* * * LOW HITPOINT WARNING * * *
You closely miss the basilisk.
The basilisk is heavily wounded.
The basilisk bites you.
* * * LOW HITPOINT WARNING * * *
Aiming: Throw Flame
Press: ? - help, Q - select action, (/) - cycle Shift-Dir - straight line, f - basilisk
Aim: a basilisk (heavily wounded, durably summoned, 67% to hit)
The puff of flame misses the basilisk.
The basilisk bites you!
You die...

########........#
.......#......#.#
.≈≈≈≈≈........#.#
##≈≈≈≈≈≈..#####.#
#####≈≈≈..# #.#
#≈≈≈≈.## #.##
#≈≈≈≈..# #..#
#≈≈≈≈≈.# ##.#
.######.####@#####..
............l......#
.######.#.#........#
≈≈.#..####..###
≈≈≈..##..# .##
#≈≈≈≈.####.# .
#≈≈≈.. .. . ≈≈≈..#
#.. .# ≈...# ...


You could see a basilisk.

Vanquished Creatures
  Pikel (D:4)
  Eustachio (D:4)
  A basilisk (D:5)
  An ogre (D:4)
  A phantom (D:4)
  3 scorpions
  3 hounds
  An orc priest (D:4)
  Crazy Yiuf (D:3)
  2 sleepcaps
  Ijyb (D:5)
  2 orc wizards
  6 gnolls
  2 adders
  5 worms
  A dart slug (D:5)
  12 orcs
  6 ball pythons
  9 endoplasms
  3 giant cockroaches
  9 goblins
  9 hobgoblins
  4 jackals (D:1)
  3 frilled lizards
  5 kobolds
  5 rats
97 creatures vanquished.

Notes
Turn   | Place    | Note
-------+----------+-------------------------------------------
     0 | D:1      | Bobit the Gnoll Wanderer began the quest for the Orb.
     0 | D:1      | Bobit set off with the following items: a +0 falchion, a +2
                  | scale mail, a potion of curing, a scroll of butterflies.
     0 | D:1      | Reached XP level 1. HP: 23/23 MP: 1/1
   111 | D:1      | Reached XP level 2. HP: 27/29 MP: 2/2
   192 | D:1      | Found Damyr's Armour Shop.
   529 | D:1      | Reached XP level 3. HP: 25/35 MP: 3/3
  1018 | D:2      | Reached skill level 1 in Invocations
  1095 | D:3      | Reached skill level 1 in Short Blades
  1095 | D:3      | Reached skill level 1 in Axes
  1095 | D:3      | Reached skill level 1 in Maces & Flails
  1095 | D:3      | Reached skill level 1 in Polearms
  1095 | D:3      | Reached skill level 1 in Staves
  1095 | D:3      | Reached skill level 1 in Ranged Weapons
  1095 | D:3      | Reached skill level 1 in Throwing
  1095 | D:3      | Reached skill level 1 in Stealth
  1095 | D:3      | Reached skill level 1 in Shields
  1095 | D:3      | Reached skill level 1 in Unarmed Combat
  1095 | D:3      | Reached skill level 1 in Spellcasting
  1218 | D:3      | Reached skill level 1 in Conjurations
  1218 | D:3      | Reached skill level 1 in Hexes
  1218 | D:3      | Reached skill level 1 in Summonings
  1218 | D:3      | Reached skill level 1 in Necromancy
  1218 | D:3      | Reached skill level 1 in Translocations
  1218 | D:3      | Reached skill level 1 in Transmutations
  1218 | D:3      | Reached skill level 1 in Fire Magic
  1218 | D:3      | Reached skill level 1 in Ice Magic
  1218 | D:3      | Reached skill level 1 in Air Magic
  1218 | D:3      | Reached skill level 1 in Earth Magic
  1218 | D:3      | Reached skill level 1 in Poison Magic
  1218 | D:3      | Reached XP level 4. HP: 39/41 MP: 5/5
  1417 | D:3      | Found a sparkling altar of Nemelex Xobeh.
  1452 | D:3      | Found a shimmering blue altar of Sif Muna.
  1465 | D:3      | Reached XP level 5. HP: 46/47 MP: 5/7
  1499 | D:3      | Became a worshipper of Nemelex Xobeh the Trickster
  1758 | D:3      | Found a runed translucent door.
  1759 | D:3      | Noticed Crazy Yiuf
  2873 | D:3      | Killed Crazy Yiuf
  3099 | D:4      | Noticed an ogre
  3102 | D:4      | Noticed a phantom
  3104 | D:4      | Killed an ogre
  3105 | D:4      | Reached XP level 6. HP: 53/53 MP: 7/9
  3123 | D:4      | Noticed Eustachio
  3149 | D:4      | Killed Eustachio
  3150 | D:4      | Reached XP level 7. HP: 54/60 MP: 10/10
  3171 | D:4      | Reached * piety under Nemelex Xobeh
  3242 | D:4      | Found a staircase to the Ecumenical Temple.
  3271 | D:4      | Reached skill level 9 in Armour
  3344 | Temple   | Entered the Ecumenical Temple
  3414 | Temple   | Fell from the grace of Nemelex Xobeh
  3414 | Temple   | Became a worshipper of Warmaster Okawaru
  3530 | D:4      | Learned a level 1 spell: Slow
  3544 | D:4      | Found a large runed translucent door.
  3545 | D:4      | Found a large runed translucent door.
  3610 | D:4      | Identified the staff of death "Pyd Dish" {rN+ Str+4 Dex+4}
  3784 | D:4      | Noticed Pikel
  3803 | D:4      | Killed Pikel
  3803 | D:4      | Reached * piety under Okawaru
  3804 | D:4      | Reached XP level 8. HP: 24/67 MP: 10/12
  3946 | D:4      | Found an opulent altar of Gozag.
  4248 | D:4      | Found an ancient bone altar of Kikubaaqudgha.
  4264 | D:4      | Found a broken altar of Ashenzari.
  4311 | D:5      | Entered Level 5 of the Dungeon
  4509 | D:5      | Noticed Ijyb
  4521 | D:5      | Killed Ijyb
  5243 | D:5      | Slain by a basilisk

Illustrated notes

Levels and vault maps discovered:
D:1:      giann_wishing_wells, layout_loops_cross, serial_shops, shop
D:2:      layout_basic
D:3:      layout_rooms, mainiacjoe_overflow_surrounded_room,
          kennysheep_orc_sif_temple, ebering_dispersal_statue_hall,
          uniq_crazy_yiuf_cottage
D:4:      layout_basic, grunt_gozag_breadcrumbs, jmf_multi_god_temple2,
          minmay_temple_entry_stoned_glass, uniq_pikel, uniq_eustachio
D:5:      layout_rooms, serial_corexii_hall, chequers_hall_statues_wall_a,
          chequers_hall_statues_wall_a, serial_shops, shop,
          grunt_decor_junction, uniq_ijyb
Temple:   nicolae_temple_godpark

Skill      XL: |  1  2  3  4  5  6  7  8 |
---------------+-------------------------+-----
Invocations    | 1 2 3 4 |  4.0
Short Blades   | 1 2 3 |  3.6
Axes           | 1 2 3 |  3.6
Maces & Flails | 1 2 3 |  3.6
Polearms       | 1 2 3 |  3.6
Staves         | 1 2 3 |  3.6
Ranged Weapons | 1 2 3 |  3.6
Throwing       | 1 2 3 |  3.6
Stealth        | 1 2 3 |  3.6
Shields        | 1 2 3 |  3.6
Unarmed Combat | 1 2 3 |  3.6
Spellcasting   | 1 2 3 |  3.6
Conjurations   | 1 2 3 |  3.0
Hexes          | 1 2 3 |  3.0
Summonings     | 1 2 3 |  3.0
Necromancy     | 1 2 3 |  3.0
Translocations | 1 2 3 |  3.0
Transmutations | 1 2 3 |  3.0
Fire Magic     | 1 2 3 |  3.0
Ice Magic      | 1 2 3 |  3.0
Air Magic      | 1 2 3 |  3.0
Earth Magic    | 1 2 3 |  3.0
Poison Magic   | 1 2 3 |  3.0
Long Blades    | 3 4 |  4.5
Dodging        | 3 4 |  4.5
Evocations     | 3 4 |  4.5
Fighting       | 7 |  7.5
Armour         | 9 |  9.3

Action                     |  1- 3 |  4- 6 |  7- 9 || total
---------------------------+-------+-------+-------++-------
  Melee: Falchion          |   125 |    92 |       ||   217
         Bite              |    11 |    16 |    23 ||    50
         Punch             |     1 |     2 |     2 ||     5
         Quarterstaff      |       |    22 |    64 ||    86
         Whip              |       |       |   104 ||   104
   Cast: Slow              |       |       |     7 ||     7
  Evoke: Wand              |       |       |     1 ||     1
 Armour: Scale mail        |    74 |    78 |    76 ||   228
  Dodge: Dodged            |    77 |    57 |   100 ||   234
